 Dungeon Crawl Stone Soup version 0.22-a0-799-g88f5e90 (webtiles) character file.

3474 Amnesiac the Geomancer (level 9, -6/57 HPs)
             Began as a Mummy Earth Elementalist on July 20, 2018.
             Was an Elder of Vehumet.
             Mangled by a white ugly thing (12 damage)
             ... on level 7 of the Dungeon on July 21, 2018.
             The game lasted 00:14:02 (5578 turns).

Amnesiac the Geomancer (Mummy Earth Elementalist)   Turns: 5578, Time: 00:14:02

Health: -6/57      AC:  6    Str: 11    XL:     9   Next: 79%
Magic:  4/22       EV: 12    Int: 18    God:    Vehumet [****..]
Gold:   414        SH:  0    Dex: 15    Spells: 12/27 levels left

rFire    x . .     SeeInvis .   h - +3 trident (distort)
rCold    + . .     Gourm    .   (no shield)
rNeg     + + +     Faith    .   c - +0 robe
rPois    ∞         Spirit   .   (no helmet)
rElec    .         Reflect  .   n - +0 cloak
rCorr    .         Harm     .   k - +0 pair of gloves
MR       +....     Rnd*Tele +   a - +1 pair of boots {run}
Stlth    ++........             f - amulet of regeneration
HPRegen  0.59/turn              d - ring of teleportation (curse)
MPRegen  0.18/turn              r - +3 ring of dexterity

@: very slightly contaminated, quick
A: no food or potions, fire vulnerability, cold resistance 1, negative energy
resistance 3, torment resistance, unbreathing
a: Renounce Religion


You were on level 7 of the Dungeon.
You worshipped Vehumet.
Vehumet was greatly pleased with you.
You were not hungry.

You visited 1 branch of the dungeon, and saw 7 of its levels.
You also visited: Sewer.

You collected 414 gold pieces.

Inventory:

Hand Weapons
 h - a +3 trident of distortion (weapon)
Missiles
 b - 53 stones (quivered)
Armour
 a - a +1 pair of boots of running (worn)
 c - a +0 robe (worn)
 k - a +0 pair of gloves (worn)
 n - a +0 cloak (worn)
Jewellery
 d - a cursed ring of teleportation (left hand)
 f - an amulet of regeneration (around neck)
 l - an uncursed ring of flight
 r - a +3 ring of dexterity (right hand)
 s - an uncursed ring of protection from cold
Wands
 m - a wand of enslavement (18)
 o - a wand of iceblast (4)
 p - a wand of polymorph (17)
 q - a wand of paralysis (3)
Scrolls
 e - 2 scrolls of identify {!r}
 g - a scroll of amnesia {!r}
 i - a scroll of noise {!r}
 j - 4 scrolls of teleportation {!r}
 t - a scroll of blinking {!r}
 u - a scroll of vulnerability {!r}


   Skills:
 - Level 1.5 Dodging
 - Level 1.5 Stealth
 + Level 9.9 Spellcasting
 - Level 0.7 Transmutations
 * Level 10.0 Earth Magic


You had 12 spell levels left.
You knew the following spells:

 Your Spells              Type           Power        Failure   Level  Hunger
a - Sandblast             Erth           #####.       1%          1    N/A
b - Passwall              Tmut/Erth      ####....     1%          2    N/A
c - Stone Arrow           Conj/Erth      ####..       1%          3    N/A
d - Lee's Rapid Deconstr  Erth           #####.....   1%          5    N/A
e - Petrify               Tmut/Erth      ####....     9%          4    N/A

Your spell library contained the following spells:

 Spells                   Type           Power        Failure   Level  Hunger
 Fireball                 Conj/Fire      #.........   47%         5    N/A
 Conjure Flame            Conj/Fire      #.......     7%          3    N/A
 Confuse                  Hex            #.......     24%         3    N/A
 Throw Flame              Conj/Fire      #.....       3%          2    N/A
 Sticky Flame             Conj/Fire      #.......     21%         4    N/A
 Tukima's Dance           Hex            #.......     24%         3    N/A
 Flame Tongue             Conj/Fire      #....        2%          1    N/A
 Ensorcelled Hibernation  Hex/Ice        #.....       12%         2    N/A
 Corona                   Hex            #......      9%          1    N/A
 Inner Flame              Hex/Fire       #.......     7%          3    N/A
 Dazzling Spray           Conj/Hex       #.....       7%          3    N/A

Dungeon Overview and Level Annotations

Branches:
Dungeon (7/15)             Temple (0/1) D:5

Altars:
Dithmenos
Qazlal
Ru
Trog
Vehumet

Shops:
D:6 (


Innate Abilities, Weirdness & Mutations

You do not eat or drink.
Your flesh is vulnerable to fire.
You are immune to poison.
Your flesh is cold resistant. (rC+)
You are immune to negative energy. (rN+++)
You are immune to unholy pain and torment.
You can survive without breathing.


Message History

Press: ? - help, Dir - move target cursor, f/p - ice beast Fragment what (e.g. wall or brittle monster)?: an ice beast (heavily wounded)
The ice beast shatters!
You blow up the ice beast!
Vehumet accepts your kill.
You feel your power returning.
You hear a shout!
You hear a bark! x2; You hear a croak.
A centaur comes into view.
You hear a shout! x2
Unknown command.
Casting: Lee's Rapid Deconstruction (safe; 1% risk of failure)
Confirm with . or Enter, or press ? or * to list all spells.
Aiming: Lee's Rapid Deconstruction (safe; 1% risk of failure)
Press: ? - help, Dir - move target cursor A stone wall.
The wall shatters!
The blast of rock fragments hits the centaur.
You kill the centaur!
Vehumet accepts your kill.
You feel your power returning.
Your Earth Magic skill increases to level 10!
You hear a croak.
Unknown command.
You start resting.
HP restored.
Things that are here:
a shortbow; 16 arrows You see here a bullfrog corpse.
An ugly thing and a wight come into view.
The wight is wielding a mace of freezing.
There are monsters nearby!
There are monsters nearby!
You barely miss the wight. The wight hits you but does no damage.
Casting: Lee's Rapid Deconstruction (safe; 1% risk of failure)
Confirm with . or Enter, or press ? or * to list all spells.
Aiming: Lee's Rapid Deconstruction (safe; 1% risk of failure)
Press: ? - help, Dir - move target cursor A stone wall.
You miscast Lee's Rapid Deconstruction.
You are very lightly contaminated with residual magic.
You feel gritty.
Unknown command.
Casting: Lee's Rapid Deconstruction (safe; 1% risk of failure)
Confirm with . or Enter, or press ? or * to list all spells.
You don't have enough magic to cast that spell.
You barely miss the green ugly thing.
The green ugly thing engulfs you but does no damage.
You closely miss the green ugly thing.
The green ugly thing basks in your mutagenic energy and changes!
You closely miss the white ugly thing.
A shadow imp comes into view.
You closely miss the white ugly thing.
The shadow imp shouts!
You hear an angry hiss.
The white ugly thing tail-slaps you! The white ugly thing freezes you!
You resist.
You closely miss the white ugly thing.
The white ugly thing closely misses you.
Unknown command.
You barely miss the white ugly thing. The white ugly thing tail-slaps you!
* * * LOW HITPOINT WARNING * * *
The white ugly thing freezes you! You resist.
* * * LOW HITPOINT WARNING * * *
The white ugly thing tail-slaps you!
You die...

##.#.#.#.#.##
#..#..#
#..#.#.#.#.#
#..#...
#..#.#.#.#.#
#..##.)
##.#.#.##.##
## ##..#..
###.#.#### #.
##.##. ##)##
#. ## #.#.
###†####.#..
##.
#.....#z5.
#.# #.⌠.⌠@#.#
#.#. #..8..u#
###.
#.⌠.⌠.#.# #.
#.....#... ##
########.#..
####. #. ##
#.... #.
#..### ## #..
...


You could see a white ugly thing.

Vanquished Creatures
  A hippogriff (D:7)
  Edmund (D:5)
  3 ice beasts
  2 sky beasts
  10 ogres
  A phantom (D:6)
  3 centaurs
  4 bullfrogs
  A gnoll sergeant (D:4)
  A scorpion (D:4)
  3 howler monkeys
  2 crimson imps (D:7)
  A bullfrog zombie (D:7)
  A jelly (D:6)
  4 orc priests
  3 hounds
  4 orc wizards
  3 bullfrog skeletons
  An iguana (D:5)
  3 worker ants (D:5)
  A worker ant zombie (D:5)
  6 gnolls
  7 adders
  14 oozes
  An adder zombie (D:7)
  An adder skeleton (D:6)
  A worm (D:5)
  2 dart slugs
  15 leopard geckos
  14 orcs
  11 giant cockroaches
  12 goblins
  6 hobgoblins
  17 jackals
  6 quokkas
  10 ball pythons
  10 bats
  16 frilled lizards
  10 kobolds
  A leopard gecko skeleton (D:5)
  A leopard gecko zombie (D:6)
  2 quokka skeletons
  A quokka zombie (D:7)
  4 rats
221 creatures vanquished.

Vanquished Creatures (others)
  A howler monkey (D:7)
  A worker ant (D:4)
  2 adders
  An ooze (Sewer)
  A leopard gecko (D:6)
  An orc (D:3)
  A jackal (D:3)
8 creatures vanquished.

Grand Total: 229 creatures vanquished

Notes
Turn   | Place    | Note
-------+----------+-------------------------------------------
     0 | D:1      | Amnesiac the Mummy Earth Elementalist began the quest for the Orb.
     0 | D:1      | Reached XP level 1. HP: 13/13 MP: 4/4
    19 | D:1      | Upgraded the game from 0.22-a0-782-g038298e to 0.22-a0-799-g88f5e90
   312 | D:2      | Reached XP level 2. HP: 16/19 MP: 1/5
   347 | D:2      | Learned a level 2 spell: Passwall
   384 | D:2      | Reached skill level 3 in Earth Magic
   625 | D:3      | Reached XP level 3. HP: 14/24 MP: 2/7
   633 | D:3      | Found a shadowy altar of Dithmenos.
   891 | D:4      | Learned a level 3 spell: Stone Arrow
   962 | D:4      | Found a radiant altar of Vehumet.
   970 | D:4      | Became a worshipper of Vehumet
  1138 | D:3      | Reached XP level 4. HP: 30/30 MP: 2/9
  1142 | D:3      | Reached skill level 4 in Earth Magic
  1514 | D:1      | Reached * piety under Vehumet
  1514 | D:1      | Offered knowledge of Magic Dart by Vehumet.
  1517 | D:1      | Learned a level 1 spell: Magic Dart
  1545 | D:1      | Reached XP level 5. HP: 35/35 MP: 9/11
  1832 | D:1      | Identified a +0 pair of boots of running (You found it on level 1 of the Dungeon)
  2367 | D:3      | Found a bloodstained altar of Trog.
  2388 | D:3      | Learned a level 5 spell: Lee's Rapid Deconstruction
  2446 | D:3      | Noticed an ice beast
  2463 | D:3      | Killed an ice beast
  2463 | D:3      | Reached skill level 5 in Spellcasting
  2463 | D:3      | Reached skill level 5 in Earth Magic
  2463 | D:3      | Reached XP level 6. HP: 19/41 MP: 9/13
  2592 | D:3      | You fall through a shaft for 2 floors!
  2592 | D:5      | Entered Level 5 of the Dungeon
  2617 | D:5      | Noticed Edmund
  2648 | D:5      | Killed Edmund
  2710 | D:5      | Found a staircase to the Ecumenical Temple.
  2757 | D:5      | Found a glowing drain.
  2763 | D:5      | Reached XP level 7. HP: 46/46 MP: 15/15
  2784 | D:5      | Reached skill level 6 in Earth Magic
  2804 | Sewer    | Entered a sewer
  2847 | Sewer    | Reached ** piety under Vehumet
  2847 | Sewer    | Offered knowledge of Searing Ray by Vehumet.
  3122 | Sewer    | Offered knowledge of Mephitic Cloud by Vehumet.
  3169 | Sewer    | Reached XP level 8. HP: 32/52 MP: 14/18
  3212 | D:5      | Reached skill level 7 in Earth Magic
  3400 | D:4      | Reached *** piety under Vehumet
  4052 | D:2      | Offered knowledge of Airstrike by Vehumet.
  4188 | D:5      | Reached skill level 8 in Earth Magic
  4722 | D:6      | Reached XP level 9. HP: 57/57 MP: 17/21
  4786 | D:6      | Reached **** piety under Vehumet
  4810 | D:6      | Offered knowledge of Yara's Violent Unravelling by Vehumet.
  4818 | D:6      | Learned a level 4 spell: Petrify
  4830 | D:6      | Found a sacrificial altar of Ru.
  4884 | D:6      | Found Miepemm's Weapon Boutique.
  5057 | D:6      | Found a stormy altar of Qazlal.
  5075 | D:6      | Reached skill level 9 in Earth Magic
  5540 | D:7      | Reached skill level 10 in Earth Magic
  5569 | D:7      | Noticed a green ugly thing
  5578 | D:7      | Mangled by a white ugly thing

Vault maps used:
D:1:      saegor_arrival_simple_a, kennysheep_minor_cross, serial_park_tiny_2,
          minivault_19, minmay_shallow_snake_nest
D:2:      minmay_kobold_bridge, first_ration, minmay_misc_feat_alley
D:3:      marbit_many_paths, bloody_trog, minmay_misc_feat_five
D:4:      lemuel_coloured_pillars_altar, lightli_minifort
D:5:      temple_pool_b, cheibrodos_sewer_entry_drain,
          kennysheep_generic_room_11, uniq_edmund
D:6:      kennysheep_mini_moat, serial_shops, shop,
          nicolae_ru_great_annihilating_truth
D:7:      minmay_the_grid_octo_tiled_squarecenter,
          grunt_temple_overflow_order_and_chaos_2
Sewer:    sewer_frog_island_02

Skill      XL: |  1  2  3  4  5  6  7  8  9 |
---------------+----------------------------+-----
Spellcasting   | 3 4 5 6 8 9 |  9.9
Earth Magic    | 3 4 5 6 8 10 | 10.0
Dodging        | |  1.5
Stealth        | |  1.5
Transmutations | |  0.7

Action                   |  1- 3 |  4- 6 |  7- 9 || total
-------------------------+-------+-------+-------++-------
Melee: Unarmed           |    18 |       |       ||    18
       Dagger            |       |    21 |       ||    21
       Trident           |       |    86 |   318 ||   404
 Cast: Sandblast         |    49 |    40 |    68 ||   157
       Lee's Rapid Decon |       |       |    15 ||    15
  Use: Scroll            |       |     2 |    12 ||    14
 Stab: Sleeping          |     1 |     6 |    12 ||    19
       Paralysed         |       |       |     1 ||     1
Armor: Robe              |    14 |    16 |   115 ||   145
Dodge: Dodged            |    33 |    53 |   272 ||   358

Table legend:
 A = Spawn XP
 B = Non-spawn XP
 C = Spawn XP percentage of total XP
 D = Spawn monster count
 E = Non-spawn monster count
 F = Spawn count percentage of total count
 G = Total turns spent on level
                    A         B        C        D         E        F      G
               +---------+---------+-------+---------+---------+-------+---------
         Total |       0 |    4963 |   0.0 |       0 |     229 |   0.0 |  5578
               +---------+---------+-------+---------+---------+-------+---------
           D:1 |       0 |      57 |   0.0 |       0 |      31 |   0.0 |   904
           D:2 |       0 |      39 |   0.0 |       0 |      24 |   0.0 |   708
           D:3 |       0 |     395 |   0.0 |       0 |      31 |   0.0 |   979
           D:4 |       0 |     404 |   0.0 |       0 |      18 |   0.0 |   754
           D:5 |       0 |    1379 |   0.0 |       0 |      31 |   0.0 |   921
           D:6 |       0 |     859 |   0.0 |       0 |      24 |   0.0 |   630
           D:7 |       0 |    1491 |   0.0 |       0 |      22 |   0.0 |   287
         Sewer |       0 |     339 |   0.0 |       0 |      48 |   0.0 |   395
               +---------+---------+-------+---------+---------+-------+---------
